 Dungeon Crawl Stone Soup version 0.26.1-11-gd32895ea62 (webtiles) character file.

Game seed: 13228189470161360354

243370 jlumianski the Gnoll Cataclysm (level 19, -6/103 (105) HPs)
             Began as a Gnoll Warper on June 4, 2021.
             Was a High Priest of Qazlal.
             Killed from afar by a purple draconian (33 damage)
             ... with a bolt of dispelling energy
             ... on level 2 of the Abyss on June 16, 2021.
             The game lasted 05:13:01 (42520 turns).

jlumianski the Gnoll Cataclysm (Gnoll Warper)      Turns: 42520, Time: 05:13:01

HP:   -6/103 (105)  AC: 42    Str: 21    XL:     19   Next: 41%
MP:   36/36         EV: 15    Int: 28    God:    Qazlal [*****.]
Gold: 1760          SH:  7    Dex: 14    Spells: 14/45 levels left

rFire    + + .     SeeInvis .   Y - +5 battleaxe (elec)
rCold    + . .     Faith    .   (shield currently unavailable)
rNeg     + . .     Spirit   .   r - +27 Lear's hauberk
rPois    +         Reflect  .   (helmet currently unavailable)
rElec    .         Harm     .   G - scarf {rC+ rF+}
rCorr    .         Rampage  .   (gloves currently unavailable)
Will     +....     Clarity  +   (boots currently unavailable) Stlth +.........Rnd*Tele +
                                M - amulet of Batuhent {rF++ Will- Regen+ Dex+6}
HPRegen  1.07/turn              k - ring "Decvu Kuho" {Will+ Str+7 Int+6 Dex-3}
MPRegen  0.25/turn              w - ring "Elunave" {rPois rF- rN+ Int+3}

@: silence (expiring), protected from physical damage, lightly drained, repel
missiles
A: distributed training, fangs 1, [berserk 2], [blurry vision 2], clarity,
[clumsy 2], [dopey 1], [frail 3], regeneration 1, [teleportitis 2], weak 1,
[subdued magic 1], strong nose
}: 2/15 runes: decaying, serpentine
a: Renounce Religion


You were on level 2 of the Abyss.
You worshipped Qazlal.
Qazlal was extremely pleased with you.
You visited 7 branches of the dungeon, and saw 33 of its levels.
You visited the Abyss 1 time.
You also visited: Bailey and Ice Cave.

You collected 3342 gold pieces.
You spent 1582 gold pieces at shops.

Inventory:

Hand Weapons
 Q - a +5 antimagic demon trident
 Y - a +5 battleaxe of electrocution (weapon)
Missiles
 e - 5 boomerangs of dispersal
 h - 2 throwing nets
 p - 45 boomerangs (quivered)
 R - 10 javelins
Armour
 n - the +3 plate armour of Heh Muku {Harm rN+ Dex+4}
   (You found it on level 14 of the Dungeon)

   It affects your dexterity (+4).
   It protects you from negative energy.
   It increases damage dealt and taken.
 r - the +27 Lear's hauberk (worn)
   (You found it on level 6 of the Dungeon)
 A - a +2 pair of gloves
 F - a +2 kite shield of poison resistance
 G - a scarf of resistance (worn)
Jewellery
 k - the ring "Decvu Kuho" (left hand) {Will+ Str+7 Int+6 Dex-3}
   (You acquired it on level 8 of the Dungeon)

   [ring of intelligence]

   It affects your strength (+7).
   It affects your intelligence (+6).
   It affects your dexterity (-3).
   It affects your willpower, your defense against some magical effects.
 t - an uncursed ring of see invisible
 u - the ring "Qenusiys" {+Fly rC+}
   (You found it on level 4 of the Snake Pit)

   [ring of flight]

   It protects you from cold.
   It lets you fly.
 w - the ring "Elunave" (right hand) {rPois rF- rN+ Int+3}
   (You found it on level 4 of the Dungeon)

   [ring of poison resistance]

   It affects your intelligence (+3).
   It makes you vulnerable to fire.
   It protects you from poison.
   It protects you from negative energy.
 C - an uncursed amulet of magic regeneration
 H - the ring of Symmetry {+Fly rN+ Slay+3}
   (You found it on level 6 of the Lair of Beasts)

   [ring of positive energy]

   It affects your accuracy and damage with ranged weapons and melee attacks
   (+3).
   It protects you from negative energy.
   It lets you fly.
 I - the ring of Secrets {*Contam rElec rC+ EV+4}
   (You found it on level 6 of the Lair of Beasts)

   [ring of evasion]

   It affects your evasion (+4).
   It protects you from cold.
   It insulates you from electricity.
   It causes magical contamination when unequipped.
 M - the amulet of Batuhent (around neck) {rF++ Will- Regen+ Dex+6}
   (You found it on level 3 of the Swamp)

   [amulet of regeneration]

   It affects your dexterity (+6).
   It greatly protects you from fire.
   It affects your willpower, your defense against some magical effects.
   It increases your rate of regeneration.
 Z - a +6 ring of strength
Wands
 b - a wand of iceblast (29)
 y - a wand of disintegration (46)
 N - a wand of acid (16)
 O - a wand of digging (8)
 S - a wand of paralysis (7)
 X - a wand of enslavement (8)
Scrolls
 a - 3 scrolls of holy word
 d - 5 scrolls of blinking
 g - 12 scrolls of teleportation
 l - a scroll of noise {unknown}
 m - 5 scrolls of fog
 o - a scroll of fear
 E - 2 scrolls of magic mapping
 J - 15 scrolls of remove curse
 P - 6 scrolls of identify
 W - a scroll of silence
Potions
 c - 2 potions of lignification
 i - 13 potions of might
 j - 9 potions of curing
 q - a potion of mutation
 s - 7 potions of flight
 x - 7 potions of resistance
 z - a potion of ambrosia
 D - 4 potions of haste
 K - a potion of attraction
 L - a potion of cancellation
 U - a potion of invisibility
 V - a potion of brilliance
Miscellaneous
 f - a phial of floods
 B - a condenser vane
 T - a tin of tremorstones (2/2)


   Skills:
 + Level 13.4 Fighting
 + Level 12.8 Short Blades
 + Level 12.8 Long Blades
 + Level 13.4 Axes
 + Level 12.8 Maces & Flails
 + Level 12.8 Polearms
 + Level 12.8 Staves
 + Level 12.8 Slings
 + Level 12.8 Bows
 + Level 12.8 Crossbows
 + Level 13.0 Throwing
 + Level 13.0 Armour
 + Level 13.4 Dodging
 + Level 12.8 Stealth
 + Level 12.8 Shields
 + Level 12.8 Unarmed Combat
 + Level 13.5 Spellcasting
 + Level 11.0 Conjurations
 + Level 11.0 Hexes
 + Level 11.0 Summonings
 + Level 11.0 Necromancy
 + Level 12.1 Translocations
 + Level 11.0 Transmutations
 + Level 11.0 Fire Magic
 + Level 11.0 Ice Magic
 + Level 11.0 Air Magic
 + Level 11.0 Earth Magic
 + Level 11.0 Poison Magic
 + Level 13.8 Invocations
 + Level 12.8 Evocations


You had 14 spell levels left.
You knew the following spells:

 Your Spells              Type           Power        Failure   Level
a - Blink                 Tloc           N/A          1%          2
b - Gell's Gravitas       Tloc           30%          1%          3
c - Corona                Hex            64%          1%          1
d - Dazzling Flash        Conj/Hex       100%         1%          3
e - Summon Lightning Spi  Summ/Air       58%          1%          4
f - Bolt of Magma         Conj/Fire/Erth 29%          3%          5
g - Iskenderun's Battles  Conj           58%          3%          5
h - Summon Demon          Summ           29%          3%          5
i - Inner Flame           Hex/Fire       58%          1%          3

Your spell library contained the following spells:

 Spells                   Type           Power        Failure   Level
 Animate Skeleton         Necr           100%         1%          1
 Apportation              Tloc           100%         1%          1
 Shock                    Conj/Air       100%         1%          1
 Summon Small Mammal      Summ           100%         1%          1
 Call Imp                 Summ           58%          1%          2
 Corpse Rot               Necr/Air       N/A          1%          2
 Ensorcelled Hibernation  Hex/Ice        100%         1%          2
 Passwall                 Tmut/Erth      48%          1%          2
 Slow                     Hex            58%          1%          2
 Sublimation of Blood     Necr           29%          1%          2
 Swiftness                Air            58%          1%          2
 Call Canine Familiar     Summ           58%          1%          3
 Confusing Touch          Hex            58%          1%          3
 Lesser Beckoning         Tloc           30%          1%          3
 Portal Projectile        Hex/Tloc       100%         1%          3
 Static Discharge         Conj/Air       58%          1%          3
 Summon Guardian Golem    Hex/Summ       58%          1%          3
 Teleport Other           Tloc           61%          1%          3
 Tukima's Dance           Hex            58%          1%          3
 Airstrike                Air            29%          1%          4
 Cause Fear               Hex            29%          1%          4
 Dispel Undead            Necr           58%          1%          4
 Ice Form                 Ice/Tmut       58%          1%          4
 Leda's Liquefaction      Hex/Erth       29%          1%          4
 Passage of Golubria      Tloc           N/A          1%          4
 Summon Ice Beast         Ice/Summ       58%          1%          4
 Summon Forest            Summ/Tloc      29%          2%          5
 Agony                    Necr           58%          3%          5
 Excruciating Wounds      Necr           29%          3%          5
 Lee's Rapid Deconstruct  Erth           29%          3%          5
 Lightning Bolt           Conj/Air       29%          3%          5
 Metabolic Englaciation   Hex/Ice        29%          3%          5
 Summon Mana Viper        Hex/Summ       58%          3%          5
 Freezing Cloud           Conj/Ice/Air   29%          22%         6
 Invisibility             Hex            58%          22%         6
 Iron Shot                Conj/Erth      29%          22%         6
 Ozocubu's Refrigeration  Ice            29%          22%         6
 Shadow Creatures         Summ           N/A          22%         6
 Simulacrum               Ice/Necr       29%          22%         6
 Malign Gateway           Summ/Tloc      29%          71%         7
 Monstrous Menagerie      Summ           29%          78%         7
 Orb of Destruction       Conj           29%          78%         7
 Spellforged Servitor     Conj/Summ      29%          78%         7
 Summon Greater Demon     Summ           29%          78%         7
 Summon Hydra             Summ           29%          78%         7
 Summon Horrible Things   Summ           29%          100%        8


Dungeon Overview and Level Annotations

Branches:
Dungeon (15/15)            Temple (1/1) D:6            Lair (6/6) D:8
  Swamp (4/4) Lair:4        Snake (4/4) Lair:2        Slime (0/5) Lair:6
    Orc (2/2) D:12            Elf (1/3) Orc:2        Vaults (0/5) D:14
 Depths (0/5) D:15         Bailey (visited)           IceCv (visited)

Altars:
Ashenzari
Cheibriados
Dithmenos
Elyvilon
Fedhas
Gozag
Hepliaklqana
Kikubaaqudgha
Makhleb
Nemelex Xobeh
Okawaru
Qazlal
Ru
Sif Muna
Trog
Uskayaw
Vehumet
Wu Jian
Xom
Yredelemnul
Zin
The Shining One
Beogh

Shops:
Orc:2 ?(!}

Annotations:
D:5 1 runed translucent door, buriedalive's ghost, amateur DEIE
D:10 1 runed translucent door


Innate Abilities, Weirdness & Mutations

Your experience applies equally to all skills.
You have very sharp teeth.
Your uncanny sense of smell can sniff out nearby items.
You possess an exceptional clarity of mind.
Your natural rate of healing is unusually fast.
You are weak. (Str -2)
[You often lose your temper in combat.]
[Scrolls take you longer to read.]
[You are very clumsy. (Dex -4)]
[You are dopey. (Int -2)]
[You are extremely frail. (-30% HP)]
[You are sometimes teleported next to monsters.]
[Your spells are a little easier to cast, but a little less powerful.]


Message History

You partially resist.
You feel drained.
* * * LOW HITPOINT WARNING * * *
You feel much better.
The ancient lich touches you but does no damage.
You block the purple draconian's attack.
A small abomination comes into view.
The quasit bites you but does no damage.
The quasit claws you but does no damage.
The quasit closely misses you.
The purple draconian hits you but does no damage.
The quasit bites you but does no damage.
The quasit claws you but does no damage.
The quasit misses you.
A shadow comes into view.
The purple draconian breathes dispelling energy at you.
The bolt of dispelling energy misses the quasit.
The bolt of dispelling energy hits you!!
You feel protected from physical attacks.
Your magical effects are unravelling.
You die...

### # ## ## # ##
#...# # .####.
#. # ##...##
.L°°3. ..#
....## ###L○
..#. ##
#x#####.○ # #..
#{3..####☼..##.#
####L####.E#3.#
#..○#.##.# ..#
#.d5@# ..#.# ##
##○.§# . .. ...
#..#. . . .##
##.##.##..## ...
.... .... ### .
. .W## #..


You could see an ancient lich, a purple draconian (catching breath), a sixfirhy,
a small abomination, a shadow (wandering) and a quasit.

Vanquished Creatures
  Saint Roka (Orc:2)
  Nikola (Snake:3)
  Jorgrun (D:13)
  Rupert (Lair:6)
  A thorn hunter (Swamp:1)
  3 nagarajas (Snake:4)
  Kirke (Lair:4)
  A deep elf sorcerer (Abyss:2)
  An orc warlord (Orc:2)
  A frost giant (IceCv)
  Aizul (Lair:2)
  A caustic shrike skeleton (D:15)
  The ghost of MyelinatedAxon the Carver, a journeyman DsGl of Yredelemnul (Orc:1)
  2 very ugly things (Abyss:2)
  A deep elf demonologist (Orc:2)
  2 bunyips
  3 eleionomae
  The ghost of Mahakala the Cleaver, a journeyman DDFi of Makhleb (Lair:1)
  3 boulder beetles
  15 hydras
  Harold (Lair:2)
  A shambling mangrove (Swamp:2)
  9 naga warriors
  Erolcha (D:10)
  A catoblepas (Lair:6)
  11 anacondas
  2 ghost crabs
  2 centaur warriors
  11 alligators
  A death yak (Lair:6)
  14 naga sharpshooters
  Urug (D:12)
  2 tengu warriors
  5 two-headed ogres
  2 thrashing horrors (Abyss:2)
  4 orc high priests (Orc:2)
  5 shock serpents
  2 skeletal warriors (D:15)
  2 wretched stars (Abyss:2)
  A sixfirhy (Abyss:2)
  A goliath frog (Swamp:3)
  8 spriggan druids
  4 unseen horrors
  A flayed ghost (D:15)
  2 bog bodies
  A wizard (D:14)
  13 sea snakes
  5 naga ritualists
  14 swamp dragons
  A wolf spider zombie (D:14)
  8 mana vipers
  6 orc knights
  A manticore (D:14)
  A deep elf mage (Elf:1)
  A necromancer (D:15)
  4 will-o-the-wisps
  13 ugly things
  8 orc sorcerers
  8 elephants
  3 salamanders
  2 cyclopes
  An ice statue (IceCv)
  25 black mambas
  8 guardian serpents
  2 gargoyles
  A torpor snail (Lair:6)
  9 centaur skeletons
  33 cane toads
  12 naga magi
  5 rime drakes
  5 komodo dragons
  Maggie (D:7)
  4 kobold demonologists
  A yaktaur zombie (D:15)
  A yaktaur (D:15)
  An efreet (D:15)
  7 trolls
  A yaktaur skeleton (D:15)
  A tengu conjurer (D:15)
  26 polar bears
  8 tyrant leeches
  A wind drake (shapeshifter) (D:15)
  5 hornets
  A meliai zombie (D:12)
  37 blink frogs
  2 shadows (D:12)
  9 spriggans
  3 fire elementals (D:13)
  2 hogs (Lair:4)
  3 wraiths
  11 humans (D:14)
  5 wyverns
  71 yaks
  2 basilisks
  4 steam dragons
  10 vampire mosquitoes
  2 large abominations (Abyss:2)
  37 nagas
  5 wargs
  12 swamp worms
  2 two-headed ogre zombies (D:12)
  15 water moccasins
  3 hell hounds (D:13)
  2 nameless horrors (Snake:3)
  7 swamp drakes
  2 ice beasts
  46 orc warriors
  A necrophage (D:10)
  4 sky beasts
  An eye of draining (D:12)
  19 ogres
  A phantom (D:8)
  12 black bears
  13 wolves
  11 centaurs
  4 small abominations (Abyss:2)
  2 big kobolds (D:13)
  20 bullfrogs
  2 gnoll sergeants
  6 scorpions
  3 wyvern skeletons
  17 killer bees
  A vampire bat (D:3)
  21 wights
  12 electric eels
  3 howler monkeys
  6 jellies
  2 centaur zombies
  7 hounds
  27 orc priests
  25 orc wizards
  3 bullfrog skeletons
  3 iguanas
  15 worker ants
  A killer bee zombie (D:7)
  6 ogre zombies (D:12)
  A hound skeleton (D:10)
  2 worker ant zombies
  17 gnolls
  12 adders
  3 shadow imps (D:5)
  4 white imps
  3 ufetubi
  6 oozes
  4 adder zombies
  2 adder skeletons
  A worm (D:5)
  A dart slug (D:4)
  5 leopard geckos
  111 orcs
  7 bats
  3 bat skeletons (D:3)
  3 bat zombies (D:3)
  7 giant cockroaches
  16 goblins
  14 hobgoblins
  18 jackals
  15 kobolds
  5 quokkas
  3 ball pythons
  10 frilled lizards
  A goblin skeleton (D:12)
  3 goblin zombies (D:12)
  2 hobgoblin skeletons (D:12)
  2 hobgoblin zombies (D:12)
  A jackal skeleton (D:4)
  A leopard gecko zombie (D:7)
  4 orc skeletons (D:12)
  13 orc zombies (D:12)
  6 rats
1230 creatures vanquished.

Vanquished Creatures (collateral kills)
  the Lernaean hydra (Swamp:3)
  A fenstrider witch (Swamp:4)
  2 nagarajas (Snake:4)
  A stone giant (Orc:1)
  Azrael (D:13)
  A bunyip (Lair:4)
  3 hydras
  2 naga warriors
  An anaconda (Snake:2)
  An alligator (Swamp:2)
  2 death yaks (Lair:6)
  2 goliath frogs
  2 sea snakes
  A bog body (Swamp:2)
  2 large abominations (Abyss:2)
  A naga ritualist (Snake:4)
  2 swamp dragons
  An ugly thing (D:13)
  A shadow dragon skeleton (D:15)
  A salamander (Snake:1)
  A guardian serpent (Snake:4)
  2 elephants (Lair:5)
  2 black mambas
  5 naga magi
  2 cane toads
  2 komodo dragons (Lair:2)
  A troll (Orc:2)
  A hornet (Swamp:1)
  3 blink frogs
  5 yaks
  A basilisk (Lair:2)
  A fire elemental (D:13)
  A small abomination (Abyss:2)
  17 nagas
  2 water moccasins (Lair:2)
  A swamp drake (Swamp:4)
  2 orc warriors
  An ogre (Orc:2)
  2 bullfrogs (Lair:6)
  2 orcs (Orc:2)
83 creatures vanquished.

Vanquished Creatures (others)
  A vault guard (D:14)
  A black mamba (Snake:3)
  A tengu conjurer (D:13)
  2 bloated husks
  A hornet (Swamp:2)
  A spriggan (Swamp:2)
  2 swamp worms (Swamp:2)
  A swamp drake (Swamp:3)
  A small abomination (Abyss:2)
  An orc (D:7)
  A hobgoblin (Bailey)
  8 foxfires
  51 fungi
  134 plants
  4 starspawn tentacles (Abyss:2)
  A withered plant (D:15)
211 creatures vanquished.

Grand Total: 1524 creatures vanquished

Notes
Turn   | Place    | Note
-------+----------+-------------------------------------------
     0 | D:1      | jlumianski the Gnoll Warper began the quest for the Orb.
     0 | D:1      | Reached XP level 1. HP: 20/20 MP: 6/6
   173 | D:1      | Reached XP level 2. HP: 26/26 MP: 7/7
   177 | D:1      | Learned a level 2 spell: Blink
   658 | D:1      | Reached XP level 3. HP: 26/31 MP: 9/9
   863 | D:1      | Reached skill level 5 in Spellcasting
  1005 | D:1      | Learned a level 3 spell: Gell's Gravitas
  1082 | D:2      | Found a broken altar of Ashenzari.
  1083 | D:2      | Found a radiant altar of Vehumet.
  1107 | D:2      | Reached skill level 1 in Invocations
  1389 | D:2      | Reached skill level 1 in Short Blades
  1389 | D:2      | Reached skill level 1 in Long Blades
  1389 | D:2      | Reached skill level 1 in Maces & Flails
  1389 | D:2      | Reached skill level 1 in Polearms
  1389 | D:2      | Reached skill level 1 in Staves
  1389 | D:2      | Reached skill level 1 in Slings
  1389 | D:2      | Reached skill level 1 in Bows
  1389 | D:2      | Reached skill level 1 in Crossbows
  1389 | D:2      | Reached skill level 1 in Stealth
  1389 | D:2      | Reached skill level 1 in Shields
  1389 | D:2      | Reached skill level 1 in Unarmed Combat
  1389 | D:2      | Reached skill level 1 in Evocations
  1398 | D:2      | Reached XP level 4. HP: 37/38 MP: 11/11
  1841 | D:2      | Found a burning altar of Makhleb.
  1843 | D:2      | Found a blossoming altar of Fedhas.
  1843 | D:2      | Found a hazy altar of Hepliaklqana.
  2085 | D:3      | Reached skill level 1 in Conjurations
  2085 | D:3      | Reached skill level 1 in Hexes
  2085 | D:3      | Reached skill level 1 in Summonings
  2085 | D:3      | Reached skill level 1 in Necromancy
  2085 | D:3      | Reached skill level 1 in Transmutations
  2085 | D:3      | Reached skill level 1 in Fire Magic
  2085 | D:3      | Reached skill level 1 in Ice Magic
  2085 | D:3      | Reached skill level 1 in Air Magic
  2085 | D:3      | Reached skill level 1 in Earth Magic
  2085 | D:3      | Reached skill level 1 in Poison Magic
  2662 | D:3      | Reached XP level 5. HP: 31/43 MP: 7/12
  3256 | D:3      | Found an ancient bone altar of Kikubaaqudgha.
  3403 | D:3      | Reached XP level 6. HP: 45/50 MP: 6/13
  4085 | D:4      | Got an ancient turquoise ring
  4650 | D:4      | Identified the ring "Elunave" {rPois rF- rN+ Int+3} (You
                  | found it on level 4 of the Dungeon)
  4872 | D:4      | Gained mutation: You possess an exceptional clarity of
                  | mind. [potion of mutation]
  4872 | D:4      | Gained mutation: You have a pair of small horns on your
                  | head. [potion of mutation]
  4872 | D:4      | Gained mutation: Your natural rate of healing is unusually
                  | fast. [potion of mutation]
  5304 | D:5      | Entered Level 5 of the Dungeon
  5323 | D:5      | Reached skill level 5 in Fighting
  5323 | D:5      | Reached skill level 5 in Axes
  5323 | D:5      | Reached skill level 5 in Dodging
  6020 | D:5      | Reached XP level 7. HP: 49/56 MP: 15/15
  6156 | D:5      | Found a runed translucent door.
  6157 | D:5      | Noticed buriedalive's ghost (amateur DEIE)
  6588 | D:6      | Found a staircase to the Ecumenical Temple.
  6599 | Temple   | Entered the Ecumenical Temple
  6625 | Temple   | Became a worshipper of Qazlal Stormbringer
  6680 | D:6      | Found the +27 Lear's hauberk
  7327 | D:7      | Reached XP level 8. HP: 63/63 MP: 16/16
  7429 | D:7      | Noticed Maggie
  7489 | D:7      | Reached * piety under Qazlal
  7503 | D:7      | Found a bloodstained altar of Trog.
  7515 | D:7      | Found a shadowy altar of Dithmenos.
  7528 | D:7      | Killed Maggie
  7593 | D:7      | Reached XP level 9. HP: 69/69 MP: 18/18
  7950 | D:7      | Reached skill level 5 in Throwing
  7950 | D:7      | Reached skill level 5 in Armour
  8493 | D:8      | Found a flagged portal.
  8513 | Bailey   | Entered a bailey
  8550 | Bailey   | Reached ** piety under Qazlal
  8577 | Bailey   | Noticed an orc sorcerer
  8583 | Bailey   | Noticed an orc knight
  8588 | Bailey   | Noticed a kobold demonologist
  8589 | Bailey   | Paralysed by an orc sorcerer for 2 turns
  8595 | Bailey   | Killed a kobold demonologist
  8596 | Bailey   | Reached skill level 5 in Invocations
  8597 | Bailey   | Killed an orc sorcerer
  8603 | Bailey   | Killed an orc knight
  8604 | Bailey   | Reached skill level 5 in Short Blades
  8604 | Bailey   | Reached skill level 5 in Long Blades
  8604 | Bailey   | Reached skill level 5 in Maces & Flails
  8604 | Bailey   | Reached skill level 5 in Polearms
  8604 | Bailey   | Reached skill level 5 in Staves
  8604 | Bailey   | Reached skill level 5 in Slings
  8604 | Bailey   | Reached skill level 5 in Bows
  8604 | Bailey   | Reached skill level 5 in Crossbows
  8604 | Bailey   | Reached skill level 5 in Stealth
  8604 | Bailey   | Reached skill level 5 in Shields
  8604 | Bailey   | Reached skill level 5 in Unarmed Combat
  8604 | Bailey   | Reached skill level 5 in Evocations
  8604 | Bailey   | Reached XP level 10. HP: 48/77 MP: 20/20
  8700 | Bailey   | Found an iron altar of Okawaru.
  8967 | Bailey   | Noticed an orc knight
  8981 | Bailey   | Killed an orc knight
  9092 | Bailey   | Acquired a +0 vampiric double sword
  9352 | D:8      | Reached *** piety under Qazlal
  9589 | D:8      | Found a snail-covered altar of Cheibriados.
  9654 | D:8      | Found a staircase to the Lair.
  9787 | D:8      | Found a glowing golden altar of the Shining One.
  9795 | D:8      | Found a shimmering blue altar of Sif Muna.
 10247 | D:9      | Reached XP level 11. HP: 79/84 MP: 22/22
 10809 | D:10     | Entered Level 10 of the Dungeon
 10827 | D:10     | Reached skill level 5 in Conjurations
 10827 | D:10     | Reached skill level 5 in Hexes
 10827 | D:10     | Reached skill level 5 in Summonings
 10827 | D:10     | Reached skill level 5 in Necromancy
 10827 | D:10     | Reached skill level 5 in Transmutations
 10827 | D:10     | Reached skill level 5 in Fire Magic
 10827 | D:10     | Reached skill level 5 in Ice Magic
 10827 | D:10     | Reached skill level 5 in Air Magic
 10827 | D:10     | Reached skill level 5 in Earth Magic
 10827 | D:10     | Reached skill level 5 in Poison Magic
 11039 | D:10     | Reached **** piety under Qazlal
 11216 | D:10     | Found a runed translucent door.
 11218 | D:10     | Found a runed translucent door.
 11308 | D:10     | Noticed Erolcha
 11313 | D:10     | Killed Erolcha
 11622 | D:10     | Learned a level 1 spell: Corona
 11623 | D:10     | Got a smoking ring mail
 11624 | D:10     | Identified the cursed +0 ring mail "Coadohawo" {Dex+4} (You
                  | found it on level 10 of the Dungeon)
 11915 | D:11     | Noticed a green ugly thing
 11928 | D:11     | Killed a green ugly thing
 12026 | D:11     | Found a snail-covered altar of Cheibriados.
 12047 | D:11     | Reached ***** piety under Qazlal
 12892 | D:12     | Noticed a boulder beetle
 12984 | D:11     | Killed a boulder beetle
 13027 | D:11     | Reached XP level 12. HP: 92/94 MP: 24/24
 13042 | D:12     | Noticed a two-headed ogre
 13052 | D:12     | Killed a two-headed ogre
 13183 | D:12     | Found a staircase to the Orcish Mines.
 13297 | D:12     | Noticed Urug
 13309 | D:12     | Killed Urug
 13362 | D:12     | Noticed a boulder beetle
 13399 | D:12     | Killed a boulder beetle
 13486 | D:12     | Noticed a boulder beetle
 13507 | D:12     | Killed a boulder beetle
 13874 | D:13     | Noticed Azrael
 13919 | D:13     | Killed Azrael
 14176 | D:13     | Noticed a centaur warrior
 14190 | D:13     | Killed a centaur warrior
 14294 | D:13     | Reached XP level 13. HP: 101/101 MP: 26/26
 14692 | Lair:1   | Entered Level 1 of the Lair of Beasts
 14959 | Orc:1    | Entered Level 1 of the Orcish Mines
 15113 | Orc:2    | Entered Level 2 of the Orcish Mines
 15128 | Orc:2    | Noticed Saint Roka
 15494 | Orc:2    | Killed Saint Roka
 16179 | Orc:2    | Reached ****** piety under Qazlal
 16236 | Orc:2    | Found a staircase to the Elven Halls.
 16552 | Orc:2    | Found a roughly hewn altar of Beogh.
 16599 | Orc:2    | Reached skill level 10 in Spellcasting
 16723 | Orc:2    | Found Duicliadd's Gadget Boutique.
 16736 | Orc:2    | Found Xitus's Distillery.
 16923 | Orc:2    | Noticed an orc warlord
 17392 | Orc:2    | Reached XP level 14. HP: 92/109 MP: 25/28
 17392 | Orc:2    | Found Yffuyq's Magic Scroll Shop.
 17422 | Orc:2    | Found a roughly hewn altar of Beogh.
 17610 | Orc:2    | Reached skill level 10 in Fighting
 17610 | Orc:2    | Reached skill level 10 in Axes
 17610 | Orc:2    | Reached skill level 10 in Dodging
 17614 | Orc:2    | Found Yklabox's Weapon Shoppe.
 18421 | Orc:1    | Found a runed translucent gate.
 18421 | Orc:1    | Found a runed translucent gate.
 18421 | Orc:1    | Found a runed translucent gate.
 18422 | Orc:1    | Noticed a stone giant
 18671 | Orc:1    | Noticed MyelinatedAxon's ghost (journeyman DsGl)
 18795 | Orc:1    | Killed a stone giant
 18848 | Orc:1    | Killed MyelinatedAxon's ghost
 19059 | Orc:2    | Bought a wand of iceblast (4) for 144 gold pieces
 19059 | Orc:2    | Bought a condenser vane for 720 gold pieces
 19070 | Orc:2    | Bought a potion of heal wounds for 70 gold pieces
 19133 | Orc:2    | Bought 3 scrolls of enchant armour for 360 gold pieces
 19133 | Orc:2    | Bought a scroll of magic mapping for 56 gold pieces
 19133 | Orc:2    | Bought a scroll of blinking for 120 gold pieces
 19133 | Orc:2    | Bought a scroll of amnesia for 56 gold pieces
 19133 | Orc:2    | Bought a scroll of magic mapping for 56 gold pieces
 19855 | Lair:1   | Reached skill level 10 in Invocations
 20047 | Lair:1   | Noticed Mahakala's ghost (journeyman DDFi)
 20362 | Lair:1   | Found a runed translucent gate.
 20362 | Lair:1   | Found a runed translucent gate.
 20362 | Lair:1   | Found a runed translucent gate.
 21012 | Lair:1   | Killed Mahakala's ghost
 21051 | Lair:1   | Acquired a book of Burglary
 21112 | Lair:2   | Found an iron altar of Okawaru.
 21262 | Lair:2   | Noticed Harold
 21277 | Lair:2   | Killed Harold
 21440 | Lair:2   | Found a staircase to the Snake Pit.
 21905 | Lair:2   | Reached skill level 10 in Throwing
 21905 | Lair:2   | Reached skill level 10 in Armour
 22000 | Lair:3   | Reached XP level 15. HP: 103/117 MP: 29/29
 22862 | Lair:4   | Noticed Kirke
 22871 | Lair:4   | Killed Kirke
 22889 | Lair:4   | Found a staircase to the Swamp.
 23444 | D:8      | Acquired a +5 antimagic lajatang
 23445 | D:8      | Acquired the ring "Decvu Kuho" {Will+ Str+7 Int+6 Dex-3}
 23598 | Lair:5   | Reached skill level 10 in Translocations
 23862 | Lair:5   | Reached skill level 10 in Short Blades
 23862 | Lair:5   | Reached skill level 10 in Long Blades
 23862 | Lair:5   | Reached skill level 10 in Maces & Flails
 23862 | Lair:5   | Reached skill level 10 in Polearms
 23862 | Lair:5   | Reached skill level 10 in Staves
 23862 | Lair:5   | Reached skill level 10 in Slings
 23862 | Lair:5   | Reached skill level 10 in Bows
 23862 | Lair:5   | Reached skill level 10 in Crossbows
 23862 | Lair:5   | Reached skill level 10 in Stealth
 23862 | Lair:5   | Reached skill level 10 in Shields
 23862 | Lair:5   | Reached skill level 10 in Unarmed Combat
 23862 | Lair:5   | Reached skill level 10 in Evocations
 24797 | Lair:6   | Entered Level 6 of the Lair of Beasts
 25086 | Lair:6   | Found a staircase to the Slime Pits.
 25222 | Lair:6   | Found a frozen archway.
 25253 | IceCv    | Entered an ice cave
 25267 | IceCv    | Reached XP level 16. HP: 98/125 MP: 13/31
 26240 | Lair:6   | Got a crude glass ring
 26243 | Lair:6   | Got a slimy glass ring
 26252 | Lair:6   | Identified the ring of Symmetry {+Fly rN+ Slay+3} (You
                  | found it on level 6 of the Lair of Beasts)
 26253 | Lair:6   | Identified the ring of Secrets {*Contam rElec rC+ EV+4}
                  | (You found it on level 6 of the Lair of Beasts)
 26436 | Lair:6   | Noticed Rupert
 26437 | Lair:6   | Paralysed by Rupert for 5 turns
 26448 | Lair:6   | Killed Rupert
 27201 | Snake:1  | Entered Level 1 of the Snake Pit
 27218 | Lair:2   | Learned a level 3 spell: Dazzling Flash
 27304 | Snake:1  | Noticed Aizul
 27319 | Lair:2   | Killed Aizul
 27320 | Lair:2   | Lost mutation: You have a pair of small horns on your head.
                  | [mutagenic glow]
 27544 | Lair:2   | Learned a level 4 spell: Summon Lightning Spire
 29291 | Snake:1  | Learned a level 5 spell: Bolt of Magma
 29297 | Snake:1  | Learned a level 5 spell: Iskenderun's Battlesphere
 29779 | Snake:2  | Learned a level 5 spell: Summon Demon
 29923 | Snake:2  | Reached XP level 17. HP: 133/133 MP: 33/33
 30808 | Snake:3  | Noticed Nikola
 30872 | Snake:3  | Killed Nikola
 30998 | Snake:3  | Gained mutation: You are weak. (Str -2) [mutagenic glow]
 31760 | Snake:3  | Learned a level 3 spell: Inner Flame
 31774 | Snake:4  | Entered Level 4 of the Snake Pit
 32364 | Snake:4  | Got a scintillating steel ring
 32366 | Snake:4  | Identified the ring "Qenusiys" {+Fly rC+} (You found it on
                  | level 4 of the Snake Pit)
 32778 | Snake:4  | Found a shimmering altar of Xom.
 33053 | Snake:4  | HP: 5/133 [nagaraja/bolt of poison (8)]
 33519 | Snake:4  | Reached skill level 10 in Conjurations
 33519 | Snake:4  | Reached skill level 10 in Hexes
 33519 | Snake:4  | Reached skill level 10 in Summonings
 33519 | Snake:4  | Reached skill level 10 in Necromancy
 33519 | Snake:4  | Reached skill level 10 in Transmutations
 33519 | Snake:4  | Reached skill level 10 in Fire Magic
 33519 | Snake:4  | Reached skill level 10 in Ice Magic
 33519 | Snake:4  | Reached skill level 10 in Air Magic
 33519 | Snake:4  | Reached skill level 10 in Earth Magic
 33519 | Snake:4  | Reached skill level 10 in Poison Magic
 33933 | Snake:4  | Got a serpentine rune of Zot
 34475 | Swamp:1  | Entered Level 1 of the Swamp
 35060 | Swamp:1  | Reached XP level 18. HP: 136/142 MP: 34/34
 36101 | Swamp:2  | Found an ornate altar of the Wu Jian Council.
 36219 | Swamp:2  | Got a scorched shortbow
 36220 | Swamp:2  | Identified the +9 shortbow of Sudden Death {vorpal, rElec
                  | rC- Will- Dex+8} (You found it on level 2 of the Swamp)
 37429 | Swamp:3  | Got an ichor-stained kite shield
 37430 | Swamp:3  | Identified the cursed -9 kite shield of True Grit {rN+
                  | Will+} (You found it on level 3 of the Swamp)
 37443 | Swamp:3  | Got a transparent brass amulet
 37444 | Swamp:3  | Identified the amulet of Batuhent {rF++ Will- Regen+ Dex+6}
                  | (You found it on level 3 of the Swamp)
 37720 | Swamp:4  | Entered Level 4 of the Swamp
 38395 | Swamp:4  | Noticed the 27-headed Lernaean hydra
 38432 | Swamp:3  | Killed the 27-headed Lernaean hydra
 38976 | Swamp:4  | Got a decaying rune of Zot
 39597 | D:14     | Noticed Jorgrun
 40015 | D:13     | Killed Jorgrun
 40196 | D:14     | Reached XP level 19. HP: 149/149 MP: 36/36
 40418 | D:14     | Found a white marble altar of Elyvilon.
 40599 | D:14     | Got a ruby-encrusted plate armour
 40600 | D:14     | Identified the +3 plate armour of Heh Muku {Harm rN+ Dex+4}
                  | (You found it on level 14 of the Dungeon)
 40605 | D:14     | Found a gate to the Vaults.
 40984 | D:15     | Entered Level 15 of the Dungeon
 41121 | D:15     | Found a staircase to the Depths.
 42130 | Elf:1    | Entered Level 1 of the Elven Halls
 42144 | Elf:1    | Noticed a Brimstone Fiend
 42144 | Elf:1    | Noticed a Hell Sentinel
 42148 | Elf:1    | Noticed a Brimstone Fiend
 42185 | Orc:2    | Noticed a Tzitzimitl
 42186 | Orc:2    | Noticed an Ice Fiend
 42204 | Elf:1    | Cast into level 2 of the Abyss (a deep elf sorcerer)
 42324 | Abyss:2  | Found a corrupted altar of Lugonu.
 42481 | Abyss:2  | Noticed an ancient lich
 42481 | Abyss:2  | HP: 2/105 [acid (12)]
 42516 | Abyss:2  | HP: 3/105 [ancient lich (14)]
 42516 | Abyss:2  | HP: 1/103 [ancient lich (2)]
 42520 | Abyss:2  | Killed from afar by a purple draconian

Illustrated notes

Levels and vault maps discovered:
D:1:      psy_arrival_radial01, layout_basic, minmay_tromino_mix6
D:2:      layout_loops_cross, nicolae_overflow_hidden_temple
D:3:      layout_rooms, kennysheep_vampire_church, serial_co_window_serial,
          co_window_of_opportunity_a, co_window_corner_a, co_window_corner_a,
          co_window_corner_a, co_window_of_opportunity_a, co_window_paths_a,
          co_window_paths_c, co_window_of_opportunity_c,
          co_window_unsneaky_path_c, co_window_unsneaky_path_d,
          co_window_paths_e, glass_columns_b, glass_columns_b, glass_columns_a,
          glass_columns_c
D:4:      layout_basic, minivault_25, minmay_bisected
D:5:      layout_basic, ebering_ghost_reflecting_pool
D:6:      layout_basic, minmay_temple_entry_junction_2, serial_glass,
          glass_columns_c, glass_columns_b
D:7:      cheibrodos_steamvent, layout_basic, nicolae_dithmenos_the_darkroom,
          grunt_ministairs_14, trog_ov_bears_minmay, uniq_maggie
D:8:      layout_loops_ring, lemuel_doored_altar, minitemple,
          david_lair_shrubbed, enter_bailey_2
D:9:      layout_irregular_city, grunt_decor_mini_mirrors, water_boxes_lemuel
D:10:     lemuel_insect_pit, layout_irregular_city,
          minmay_fractal_squares_gapless_5, uniq_erolcha
D:11:     layout_stronghold, basic_altar
D:12:     layout_gridville, zombieorc2_lemuel, uniq_urug
D:13:     layout_basic, uniq_azrael
D:14:     layout_cave_pods, ximxim_vaults_locker_room, elyvilon_altar_3,
          uniq_jorgrun
D:15:     gammafunk_depths_entry_grave, layout_cave_pods
Temple:   minmay_temple_bridge_abc
Lair:1:   beast_lair_carwin_large_4, layout_layer_cave, gammafunk_ghost_split
Lair:2:   layout_roguey, minmay_snake_entry_six_corridors, basic_altar,
          lemuel_fruit_tree, infiniplex_staircase_pool, uniq_harold
Lair:3:   layout_gridlike, hangedman_lair_generics_rect, serial_bayou_shore_a
Lair:4:   layout_hall_layers, swamp_mist, lookout_lair_type, wad_woods_river_01,
          lemuel_fruit_fields, uniq_kirke
Lair:5:   layout_gridlike
Lair:6:   minmay_lair_end_frog_pond, layout_long_grid,
          nicolae_slime_entry_slimehenge, portal_ice_cave_rime, uniq_rupert
Swamp:1:  layout_basic_swamp, nicolae_swamp_trees_clearing
Swamp:2:  layout_basic_swamp, basic_altar
Swamp:3:  layout_falls_marsh, evilmike_swamp_ruin_rubble_2
Swamp:4:  swamp_old_school, layout_basic_swamp
Snake:1:  layout_rooms, serial_bayou_shore_b, uniq_aizul
Snake:2:  layout_layer_cave, guppyfry_snake_island, serial_bayou_shore_b,
          grunt_megastairs_3
Snake:3:  layout_onion, uniq_nikola
Snake:4:  grunt_snake_rune_pools, layout_gridlike, basic_altar
Orc:1:    layout_caves, gammafunk_ghost_split
Orc:2:    pubby_orc_utopia, uniq_saint_roka
Elf:1:    layout_rooms, kennysheep_underground_church
Abyss:2:  base: D:9, evilmike_abyss_exit_10, abyss_exit_lava,
          hangedman_abyss_overflow_altar

Skill      XL: |  1  2  3  4  5  6  7  8  9 10 11 12 13 14 15 16 17 18 19 |
---------------+----------------------------------------------------------+-----
Spellcasting   | 5 6 7 8 9 10 11 12 13 | 13.5
Invocations    | 1 2 3 4 5 6 7 8 9 10 11 12 13 | 13.8
Short Blades   | 1 2 3 5 6 7 8 9 10 11 12 | 12.8
Long Blades    | 1 2 3 5 6 7 8 9 10 11 12 | 12.8
Maces & Flails | 1 2 3 5 6 7 8 9 10 11 12 | 12.8
Polearms       | 1 2 3 5 6 7 8 9 10 11 12 | 12.8
Staves         | 1 2 3 5 6 7 8 9 10 11 12 | 12.8
Slings         | 1 2 3 5 6 7 8 9 10 11 12 | 12.8
Bows           | 1 2 3 5 6 7 8 9 10 11 12 | 12.8
Crossbows      | 1 2 3 5 6 7 8 9 10 11 12 | 12.8
Stealth        | 1 2 3 5 6 7 8 9 10 11 12 | 12.8
Shields        | 1 2 3 5 6 7 8 9 10 11 12 | 12.8
Unarmed Combat | 1 2 3 5 6 7 8 9 10 11 12 | 12.8
Evocations     | 1 2 3 5 6 7 8 9 10 11 12 | 12.8
Conjurations   | 1 2 3 4 5 6 7 8 9 10 11 | 11.0
Hexes          | 1 2 3 4 5 6 7 8 9 10 11 | 11.0
Summonings     | 1 2 3 4 5 6 7 8 9 10 11 | 11.0
Necromancy     | 1 2 3 4 5 6 7 8 9 10 11 | 11.0
Transmutations | 1 2 3 4 5 6 7 8 9 10 11 | 11.0
Fire Magic     | 1 2 3 4 5 6 7 8 9 10 11 | 11.0
Ice Magic      | 1 2 3 4 5 6 7 8 9 10 11 | 11.0
Air Magic      | 1 2 3 4 5 6 7 8 9 10 11 | 11.0
Earth Magic    | 1 2 3 4 5 6 7 8 9 10 11 | 11.0
Poison Magic   | 1 2 3 4 5 6 7 8 9 10 11 | 11.0
Throwing       | 3 4 5 6 7 8 9 10 11 12 13 | 13.0
Armour         | 3 4 5 6 7 8 9 10 11 12 13 | 13.0
Fighting       | 5 6 7 8 9 10 11 12 13 | 13.4
Axes           | 5 6 7 8 9 10 11 12 13 | 13.4
Dodging        | 5 6 7 8 9 10 11 12 13 | 13.4
Translocations | 6 7 8 9 10 11 12 | 12.1

Action                   |  1- 3 |  4- 6 |  7- 9 | 10-12 | 13-15 | 16-18 | 19-21 || total
-------------------------+-------+-------+-------+-------+-------+-------+-------++-------
Melee: Hand axe          |   106 |   242 |   183 |       |       |       |       ||   531
       Bite              |     9 |    24 |    36 |   105 |   142 |   120 |    35 ||   471
       Punch             |     1 |     1 |       |       |       |     8 |     1 ||    11
       Headbutt          |       |    15 |    68 |   147 |   258 |    30 |       ||   518
       War axe           |       |       |   141 |   714 |   992 |   172 |       ||  2019
       Demon trident     |       |       |       |       |    30 |   106 |     6 ||   142
       Battleaxe         |       |       |       |       |       |   870 |   224 ||  1094
Throw: Stone             |    29 |    42 |       |       |       |       |       ||    71
       Dart              |       |    14 |     6 |       |       |       |       ||    20
       Boomerang         |       |     3 |     2 |       |    16 |    42 |    15 ||    78
 Cast: Blink             |     1 |     4 |     3 |     1 |     2 |     8 |     4 ||    23
       Gell's Gravitas   |       |    14 |     1 |     2 |     7 |    11 |       ||    35
       Summon Lightning  |       |       |       |       |       |    39 |     1 ||    40
       Dazzling Flash    |       |       |       |       |       |     7 |       ||     7
       Bolt of Magma     |       |       |       |       |       |    19 |     2 ||    21
       Summon Demon      |       |       |       |       |       |    18 |     1 ||    19
       Iskenderun's Batt |       |       |       |       |       |     5 |       ||     5
       Inner Flame       |       |       |       |       |       |     3 |       ||     3
       Corona            |       |       |       |       |       |     1 |       ||     1
Invok: Elemental Force   |       |       |       |     1 |     9 |    11 |     4 ||    25
       Upheaval          |       |       |       |       |     3 |     4 |       ||     7
       Disaster Area     |       |       |       |       |       |     1 |       ||     1
 Abil: Evoke Flight      |       |       |       |       |     4 |     1 |       ||     5
Evoke: Wand              |       |       |     4 |     3 |     1 |     5 |     3 ||    16
       Phial of floods   |       |       |       |     1 |       |       |       ||     1
  Use: Potion            |       |     8 |       |     3 |     5 |     1 |     7 ||    24
       Scroll            |       |     5 |     6 |     8 |     9 |    20 |     3 ||    51
 Stab: Sleeping          |       |     1 |       |       |       |       |       ||     1
       Invisible         |       |       |       |       |       |    10 |       ||    10
       Distracted        |       |       |       |       |       |     5 |     1 ||     6
Armor: Leather armour    |    19 |    62 |     2 |       |       |       |       ||    83
       Chain mail        |       |       |   270 |   468 |   533 |  1184 |   253 ||  2708
Dodge: Dodged            |    90 |   231 |   168 |   306 |   540 |  1188 |   205 ||  2728
       Repelled          |       |       |       |     2 |     3 |    99 |     3 ||   107
Block: Buckler           |       |       |    86 |   516 |   987 |   194 |       ||  1783
       Other             |       |       |       |       |       |   617 |   151 ||   768
